 Dungeon Crawl Stone Soup version 0.23-a0-565-g3e74e4c (webtiles) character file.

13066 MisterFreud the Nimble (level 11, -13/57 HPs)
             Began as a Felid Berserker on Dec 13, 2018.
             Was a High Priest of Trog.
             Mangled by an elephant (18 damage)
             ... on level 4 of the Lair of Beasts.
             The game lasted 00:33:19 (19002 turns).

MisterFreud the Nimble (Felid Berserker)           Turns: 19002, Time: 00:33:20

Health: -13/57     AC:  3    Str: 17    XL:     11   Next: 70%
Magic:  17/17      EV: 43    Int: 10    God:    Trog [*****.]
Gold:   1051       SH:  0    Dex: 15    Spells: 10/10 levels left
                                        Lives:  0   Deaths: 3

rFire    . . .     SeeInvis +     - Unarmed
rCold    + . .     Gourm    .   (shield unavailable)
rNeg     . . .     Faith    .   (armour unavailable)
rPois    .         Spirit   .   (helmet unavailable)
rElec    .         Reflect  .   (cloak unavailable)
rCorr    .         Harm     .   (gloves unavailable)
MR       ++...                  (boots unavailable)
Stlth    ++++++....             r - amulet of the acrobat
HPRegen  0.19/turn              n - ring of stealth
MPRegen  0.15/turn              y - ring of protection from magic

@: quick
A: very small, no armour, no weapons or thrown items, stealth, claws 1, fangs 3,
see invisible, carnivore, speed 1, shaggy fur 3, slow metabolism 1, sharp paws
a: Berserk, Trog's Hand, Brothers in Arms, Renounce Religion


You were on level 4 of the Lair of Beasts.
You worshipped Trog.
Trog was extremely pleased with you.
You were very full.

You visited 2 branches of the dungeon, and saw 18 of its levels.

You collected 1051 gold pieces.

Inventory:

Jewellery
 c - a +1 ring of slaying
 n - a ring of stealth (left paw)
 r - an amulet of the acrobat (around neck)
 v - a +3 ring of evasion
 y - a ring of protection from magic (right paw)
 F - an uncursed amulet of regeneration
Wands
 t - a wand of random effects (22)
 A - a wand of enslavement (14)
 B - a wand of iceblast (19)
 E - a wand of flame (16)
 H - a wand of acid (10)
Scrolls
 d - 2 scrolls of identify
 h - 6 scrolls of teleportation
 k - 3 scrolls of fog
 p - a scroll of fear
 q - 9 scrolls of remove curse
 u - 6 scrolls of magic mapping
 w - 3 scrolls of blinking
Potions
 b - 3 potions of haste
 e - 2 potions of heal wounds
 f - 2 potions of mutation
 g - 3 potions of brilliance
 i - 2 potions of flight
 j - 7 potions of might
 l - 4 potions of curing
 m - 3 potions of resistance
 o - 4 potions of agility
 s - 2 potions of invisibility
 x - a potion of cancellation
 z - 2 potions of berserk rage
 D - a potion of lignification
 G - a potion of experience
Miscellaneous
 C - a lamp of fire
Comestibles
 a - 27 rations


   Skills:
 + Level 12.4 Fighting
 + Level 12.9 Dodging
 - Level 12.0 Stealth
 + Level 12.3 Unarmed Combat
 * Level 7.5 Evocations


You had 10 spell levels left.
You didn't know any spells.
Your spell library was empty.

Dungeon Overview and Level Annotations

Branches:
Dungeon (14/15)            Temple (0/1) D:6            Lair (4/6) D:11
  Snake (0/4) Lair:2          Orc (0/2) D:12
  Swamp: Lair:2-4    Shoals: Lair:2-4    Vaults: D:13-14

Altars:
Ashenzari
Dithmenos
Elyvilon
Fedhas
Hepliaklqana
Kikubaaqudgha
Nemelex Xobeh
Okawaru
Qazlal
Ru
Sif Muna
Trog
Wu Jian
Xom
Yredelemnul
Zin

Shops:
D:7 %   D:9 (:(}   D:11 [   D:12 [

Portals:
Bailey: D:7

Annotations:
D:5 2 transporters, tilp's ghost, amateur DrAE
D:10 2 transporters, phyphor's ghost, journeyman MiBe
D:12 Azrael


Innate Abilities, Weirdness & Mutations

You cannot wear armour.
You are incapable of wielding weapons or throwing items.
Your paws allow you to move quietly. (Stealth)
You have sharp claws.
You have razor-sharp teeth.
You have supernaturally acute eyesight. (SInv)
You are carnivorous and can eat meat at any time.
You cover ground quickly.
Your thick and shaggy fur keeps you warm. (AC +3, rC+)
You have a slow metabolism.
Your sharp claws are effective at attacking unaware monsters.


Message History

The yak completely misses you.
The elephant completely misses you. x2; The elephant closely misses you.
The elephant completely misses you. The yak barely misses you.
The yak misses you.
The elephant completely misses you. x3; The elephant misses you.
The yak completely misses you. The yak gores you!
* * * LOW HITPOINT WARNING * * *
The elephant completely misses you. The elephant closely misses you. x2
The elephant completely misses you. The yak completely misses you.
The yak closely misses you. The elephant closely misses you.
The elephant completely misses you. x3
The yak completely misses you. The yak misses you.
The elephant completely misses you. x3
The elephant trunk-slaps you but does no damage.
The yak completely misses you. The yak barely misses you.
The elephant tramples you but does no damage.
The elephant completely misses you. x2; The elephant misses you.
The yak barely misses you. The yak completely misses you.
The elephant completely misses you. x2; The elephant tramples you!!
You die...

#........#....... . ##
#........##..:...
#.#.####.#......#...#..
....P....................###).
.............PP..#........P##..
.......... .#....#............
#.......P ##.........#.###..
.#.......# ##Y.##............
#........## #@Y.##............
#.........####YY.$........P....
##..#.....................#....
#.........##.#.......#..#.#....
###.##....###......#.#..###....
####..#....# ##...###... ##....
#....#.....# #...P. .. ......
#........###........ ......
##...##..รท.........(.. ......


You could see 2 elephants and 2 yaks.

Vanquished Creatures
  Gastronok (Lair:3)
  Harold (D:8)
  2 hydras (Lair:3)
  Erica (Lair:2)
  2 two-headed ogres (D:13)
  Urug (Lair:2)
  4 skeletal warriors (D:13)
  Pikel (D:5)
  An orc knight (D:12)
  A deep elf mage (D:13)
  An ugly thing (D:13)
  A cyclops (D:13)
  An elephant (D:11)
  Joseph (D:7)
  2 black mambas
  4 spiny frogs
  2 komodo dragons
  4 trolls
  Grinder (D:3)
  Prince Ribbit (D:5)
  A meliai zombie (D:13)
  6 slime creatures (D:13)
  6 hippogriffs
  Sigmund (D:2)
  A wyvern (D:10)
  A basilisk (Lair:2)
  3 yaks (D:9)
  4 fire elementals (D:12)
  3 vampire mosquitoes (D:13)
  2 hungry ghosts
  Menkaure (D:7)
  Edmund (D:5)
  2 nagas (Lair:2)
  4 water moccasins
  6 porcupines
  3 hell hounds (D:12)
  2 black bears
  6 sky beasts
  A slave (D:5)
  An ice beast (D:9)
  5 orc warriors
  2 phantoms
  2 necrophages
  5 ogres
  6 wolves (Lair:2)
  8 centaurs
  6 crocodiles
  A big kobold (D:10)
  11 bullfrogs
  A wyvern zombie (D:10)
  A water moccasin zombie (D:10)
  5 scorpions
  9 killer bees
  3 wights (D:10)
  2 electric eels (Lair:4)
  4 howler monkeys
  7 crimson imps
  4 bullfrog zombies
  A gnoll shaman (D:5)
  3 hounds
  5 jellies
  2 orc priests
  4 orc wizards
  A centaur skeleton (D:9)
  4 bullfrog skeletons
  Terence (D:3)
  8 iguanas
  7 worker ants
  A killer bee zombie (D:6)
  A hound skeleton (D:4)
  2 howler monkey skeletons
  17 gnolls
  16 adders
  8 shadow imps
  An ooze (D:2)
  An adder zombie (D:5)
  An adder skeleton (D:6)
  A worm (D:3)
  2 dart slugs
  9 leopard geckos
  38 orcs
  4 bats
  5 giant cockroaches
  14 hobgoblins
  5 jackals
  9 kobolds
  5 quokkas
  2 ball pythons
  4 frilled lizards
  17 goblins
  7 rats
376 creatures vanquished.

Vanquished Creatures (collateral kills)
  2 hydras
  A skeletal warrior (D:13)
  An unseen horror (D:13)
  3 slime creatures (D:13)
  A soldier ant (D:13)
  A water moccasin (Lair:3)
9 creatures vanquished.

Vanquished Creatures (others)
  3 fungi
  3 plants
6 creatures vanquished.

Grand Total: 391 creatures vanquished

Notes
Turn   | Place    | Note
-------+----------+-------------------------------------------
     0 | D:1      | MisterFreud the Felid Berserker began the quest for the
                  | Orb.
     0 | D:1      | Reached XP level 1. HP: 10/10 MP: 2/2
   280 | D:1      | Reached skill level 1 in Stealth
   280 | D:1      | Reached XP level 2. HP: 14/14 MP: 3/3
   736 | D:1      | Reached XP level 3. HP: 17/17 MP: 4/4
   930 | D:2      | Reached ** piety under Trog
  1597 | D:2      | Found a shimmering altar of Xom.
  1955 | D:2      | Reached XP level 4. HP: 21/21 MP: 5/5
  2356 | D:2      | Noticed Sigmund
  2366 | D:2      | Killed Sigmund
  2366 | D:2      | Reached skill level 5 in Unarmed Combat
  2366 | D:2      | Reached XP level 5. HP: 24/24 MP: 6/6
  2447 | D:2      | Gained mutation: You are covered in thick fur. (AC +2)
                  | [Felid growth]
  2447 | D:2      | Reached XP level 6. HP: 28/28 MP: 7/7
  2681 | D:3      | Noticed Grinder
  2690 | D:3      | Paralysed by Grinder for 5 turns
  2700 | D:3      | Killed from afar by Grinder
  2701 | D:3      | Reached XP level 5. HP: -7/24 MP: 6/6
  2789 | D:3      | Noticed Terence
  2802 | D:3      | Killed Terence
  2802 | D:3      | Reached *** piety under Trog
  2931 | D:3      | Found a basalt altar of Yredelemnul.
  2966 | D:3      | Reached skill level 5 in Stealth
  3594 | D:3      | Killed Grinder
  3594 | D:3      | Reached XP level 6. HP: 28/28 MP: 7/7
  4051 | D:4      | Reached XP level 7. HP: 30/31 MP: 8/8
  4087 | D:4      | Found a shadowy altar of Dithmenos.
  4099 | D:4      | Found a bloodstained altar of Trog.
  4244 | D:4      | Found an ancient bone altar of Kikubaaqudgha.
  4267 | D:4      | Found a blossoming altar of Fedhas.
  4296 | D:4      | Found a deep blue altar of Sif Muna.
  4417 | D:4      | Found an ornate altar of the Wu Jian Council.
  4536 | D:4      | Found a sparkling altar of Nemelex Xobeh.
  4610 | D:5      | Entered Level 5 of the Dungeon
  4872 | D:5      | Reached XP level 8. HP: 24/35 MP: 9/9
  5135 | D:5      | Reached skill level 5 in Fighting
  5270 | D:5      | Noticed tilp's ghost (amateur DrAE)
  5280 | D:5      | Found a transporter.
  5282 | D:5      | Found a transporter.
  5310 | D:5      | Found an iron altar of Okawaru.
  5317 | D:5      | Noticed Edmund
  5325 | D:5      | Killed Edmund
  5381 | D:5      | Reached **** piety under Trog
  5582 | D:5      | Noticed Pikel
  5583 | D:5      | Noticed Prince Ribbit
  5602 | D:5      | Killed Pikel
  5602 | D:5      | Reached XP level 9. HP: 44/44 MP: 10/10
  5609 | D:5      | Killed Prince Ribbit
  5609 | D:5      | Reached skill level 5 in Dodging
  6140 | D:6      | Found a hazy altar of Hepliaklqana.
  6582 | D:6      | Found a staircase to the Ecumenical Temple.
  7058 | D:7      | Found a flagged portal.
  7102 | D:7      | Found a stormy altar of Qazlal.
  7193 | D:7      | Noticed Menkaure
  7206 | D:7      | Killed Menkaure
  7274 | D:7      | Noticed Joseph
  7278 | D:7      | Killed Joseph
  7278 | D:7      | Reached skill level 10 in Dodging
  7515 | D:7      | Found a sacrificial altar of Ru.
  7544 | D:7      | Identified a scroll of acquirement
  7598 | D:7      | Reached XP level 10. HP: 47/48 MP: 11/11
  7810 | D:7      | Found Coaxoip's Food Emporium.
  7945 | D:8      | Noticed Harold
  7959 | D:8      | Killed Harold
  7990 | D:8      | Reached skill level 1 in Evocations
  8034 | D:8      | Reached ***** piety under Trog
  8295 | D:8      | Found a shattered altar of Ashenzari.
  8748 | D:9      | Found Zigeh's Book Boutique.
  8958 | D:9      | Reached skill level 5 in Evocations
  8993 | D:9      | Found a shadowy altar of Dithmenos.
  9023 | D:9      | Found a glowing silver altar of Zin.
  9419 | D:9      | Found Uqame's Weapon Emporium.
  9513 | D:9      | Found Iwak's Weapon Shoppe.
  9661 | D:9      | Found Mauri's Gadget Shoppe.
  9737 | D:9      | Found a white marble altar of Elyvilon.
  9853 | D:10     | Entered Level 10 of the Dungeon
 10054 | D:10     | Found a shimmering altar of Xom.
 10060 | D:10     | Reached XP level 11. HP: 50/54 MP: 16/16
 10191 | D:10     | Reached skill level 10 in Fighting
 10586 | D:10     | Noticed phyphor's ghost (journeyman MiBe)
 10588 | D:10     | Found a transporter.
 10589 | D:10     | Noticed a two-headed ogre
 10592 | D:10     | Identified the +5 dire flail of the Foremost Lovers {venom,
                  | rElec Int+2 Stlth+}
 10592 | D:10     | Noticed a two-headed ogre
 10593 | D:10     | Found a transporter.
 10731 | D:11     | Found a staircase to the Lair.
 11005 | D:11     | Found Cedwaff's Armour Shoppe.
 11407 | D:12     | Found Bujifik's Armour Emporium.
 11409 | D:12     | Found a staircase to the Orcish Mines.
 11424 | D:12     | Noticed an orc knight
 11463 | D:12     | Killed an orc knight
 11579 | D:12     | Noticed Azrael
 12052 | D:12     | Found the +3 giant club "Skullcrusher" {speed, Str+7}
 12217 | D:12     | HP: 2/85 [Azrael/bolt of fire (31)]
 12220 | D:12     | Killed from afar by Azrael
 12221 | D:12     | Reached XP level 10. HP: -16/79 MP: 15/15
 12509 | D:13     | Noticed a two-headed ogre
 12516 | D:13     | Killed a two-headed ogre
 12524 | D:13     | Noticed an unseen horror
 12732 | D:13     | Noticed a two-headed ogre
 12741 | D:13     | Killed a two-headed ogre
 13001 | D:13     | Reached XP level 11. HP: 22/57 MP: 16/16
 13237 | D:13     | Killed an unseen horror
 13629 | D:13     | Noticed a green ugly thing
 13637 | D:13     | Killed a green ugly thing
 13908 | D:13     | Reached skill level 10 in Unarmed Combat
 14298 | D:13     | Noticed a skeletal warrior
 14298 | D:13     | Noticed a skeletal warrior
 14299 | D:13     | Noticed a skeletal warrior
 14299 | D:13     | Noticed a skeletal warrior
 14320 | D:13     | Killed a skeletal warrior
 14326 | D:13     | Killed a skeletal warrior
 14339 | D:13     | Noticed a skeletal warrior
 14351 | D:13     | Killed a skeletal warrior
 14358 | D:13     | Killed a skeletal warrior
 14364 | D:13     | Killed a skeletal warrior
 14580 | D:13     | Noticed a deep elf mage
 14596 | D:13     | Killed a deep elf mage
 14745 | Lair:1   | Entered Level 1 of the Lair of Beasts
 15699 | Lair:2   | Noticed Urug
 15706 | Lair:2   | Killed Urug
 15706 | Lair:2   | Gained mutation: Your thick and shaggy fur keeps you warm.
                  | (AC +3, rC+) [Felid growth]
 15706 | Lair:2   | Reached XP level 12. HP: 50/61 MP: 17/17
 15748 | Lair:2   | Found a staircase to the Snake Pit.
 15777 | Lair:2   | Reached skill level 10 in Stealth
 16708 | Lair:2   | Noticed a four-headed hydra
 16715 | Lair:2   | Killed a four-headed hydra
 16753 | Lair:2   | Noticed Erica
 16764 | Lair:2   | Killed Erica
 16922 | Lair:3   | Noticed an eight-headed hydra
 17280 | Lair:3   | Noticed Gastronok
 17292 | Lair:3   | Killed Gastronok
 17304 | Lair:3   | Noticed a seven-headed hydra
 17612 | Lair:3   | Noticed a seven-headed hydra
 17620 | Lair:3   | Killed a seven-headed hydra
 17936 | Lair:3   | Killed a seven-headed hydra
 18170 | Lair:3   | Killed an eight-headed hydra
 18894 | Lair:3   | Slain by an elephant
 18895 | Lair:3   | Reached XP level 11. HP: 0/57 MP: 17/17
 19002 | Lair:4   | Mangled by an elephant

Vault maps used:
D:1:      dpeg_arrival_oval, st_stairs_6
D:2:      cheibrodos_greedy_goblins, tgw_xom, first_ration, uniq_sigmund
D:3:      kb_forest_paths, lemuel_doored_altar, uniq_terence, uniq_grinder
D:4:      fedhas_altar_2, nicolae_overflow_hidden_temple,
          kiku_gazebo_pond_becter, kennysheep_mini, kennysheep_mini_moat,
          bloody_trog, grunt_dithmenos_smoke_and_mirrors
D:5:      cheibrodos_fzero, lemuel_crystal_altar, gammafunk_ghost_hive,
          uniq_pikel, uniq_prince_ribbit1, uniq_edmund
D:6:      lemuel_round_altar, minmay_temple_entry_butterflies
D:7:      nicolae_qazlal_style_of_elements, nicolae_ru_path_of_blood,
          enter_bailey_6, serial_shops, shop, uniq_joseph, uniq_menkaure
D:8:      ashenzari_altar_1, uniq_harold
D:9:      zin_academy, marbit_many_paths, basic_altar, serial_glass,
          glass_columns_b, glass_columns_a, glass_columns_b, glass_columns_c,
          item_on_display_a, minmay_strange_pillars, minmay_strange_pillars,
          due_unseen_surprise, serial_shops, nicolae_shop_trees,
          kennysheep_little_box, shop, shop
D:10:     basic_altar, gammafunk_ghost_smash, st_stairs_7
D:11:     david_lair_generic, serial_shops, shop_statue
D:12:     orc_david_3, uniq_azrael
D:14:     grunt_vaults_entry_fortified, serial_shops, shop, cheibriados_altar_1
Lair:1:   serial_bayou_shore_a
Lair:2:   wander_river, guppyfry_snake_entry_island, uniq_urug, uniq_erica
Lair:3:   grunt_megastairs_1, serial_bayou_shore_b, uniq_gastronok
Lair:4:   minmay_shoals_entry_hut, beast_lair_carwin_6

Skill      XL: |  1  2  3  4  5  6  7  8  9 10 11 12 |
---------------+-------------------------------------+-----
Stealth        | 1 2 4 5 6 8 9 12 | 12.0
Unarmed Combat | 4 5 6 7 8 9 12 | 12.3
Fighting       | 8 12 11 | 12.4
Dodging        | 11 12 | 12.9
Evocations     | 6 7 |  7.5

Action                   |  1- 3 |  4- 6 |  7- 9 | 10-12 || total
-------------------------+-------+-------+-------+-------++-------
Melee: Unarmed           |   147 |   107 |   221 |   790 ||  1265
       Bite              |     8 |     8 |    20 |    82 ||   118
       Punch             |     2 |     2 |     9 |    34 ||    47
Invok: Berserk           |     1 |     5 |     8 |    24 ||    38
       Trog's Hand       |       |       |     1 |     1 ||     2
       Brothers in Arms  |       |       |       |     7 ||     7
  Use: Scroll            |       |    10 |    12 |    11 ||    33
       Potion            |       |       |     1 |     1 ||     2
 Stab: Sleeping          |    10 |     9 |    22 |    44 ||    85
       Distracted        |     1 |       |     3 |     2 ||     6
  Eat: Chunk             |     7 |    14 |    23 |    62 ||   106
Armor: Skin              |     2 |     5 |     4 |    16 ||    27
Dodge: Dodged            |    92 |    67 |   134 |   926 ||  1219

Table legend:
 A = Non-vault XP
 B = Vault XP
 C = Vault XP percentage of total XP
 D = Non-vault monster count
 E = Vault monster count
 F = Vault count percentage of total count
                 A         B        C        D         E       F
            +---------+---------+-------+---------+---------+-------
      Total |   30209 |   11557 |  27.7 |     314 |      70 |  18.2
            +---------+---------+-------+---------+---------+-------
        D:1 |      40 |       2 |   4.8 |      21 |       1 |   4.5
        D:2 |      47 |     311 |  86.9 |      18 |      17 |  48.6
        D:3 |      53 |     344 |  86.6 |      15 |       8 |  34.8
        D:4 |     444 |       0 |   0.0 |      11 |       0 |   0.0
        D:5 |     537 |    1578 |  74.6 |      17 |      15 |  46.9
        D:6 |     834 |       0 |   0.0 |      24 |       0 |   0.0
        D:7 |    1260 |     606 |  32.5 |      23 |       2 |   8.0
        D:8 |     859 |    1007 |  54.0 |      28 |       1 |   3.4
        D:9 |    2379 |     110 |   4.4 |      33 |       1 |   2.9
       D:10 |    1955 |      61 |   3.0 |      29 |       2 |   6.5
       D:11 |     766 |     934 |  54.9 |      11 |       4 |  26.7
       D:12 |     975 |    1810 |  65.0 |      11 |      12 |  52.2
       D:13 |   10222 |       0 |   0.0 |      33 |       0 |   0.0
     Lair:1 |    1343 |       0 |   0.0 |       6 |       0 |   0.0
     Lair:2 |    3250 |    2078 |  39.0 |      15 |       4 |  21.1
     Lair:3 |    3894 |    2716 |  41.1 |      10 |       3 |  23.1
     Lair:4 |    1351 |       0 |   0.0 |       9 |       0 |   0.0
            +---------+---------+-------+---------+---------+-------
